 Dungeon Crawl Stone Soup version 0.27-a0-1101-ge311f74bc8 (webtiles) character file.

Game seed: 3168894076371801754

5723 snetch the Basher (level 10, -6/83 (90) HPs)
             Began as a Minotaur Berserker on Apr 28, 2021.
             Was an Elder of Trog.
             Mangled by a death yak (21 damage)
             ... on level 7 of the Dungeon.
             The game lasted 00:22:37 (8959 turns).

snetch the Basher (Minotaur Berserker)              Turns: 8959, Time: 00:22:37

HP:   -6/83 (90)    AC: 15    Str: 25    XL:     10   Next: 48%
MP:   9/9           EV: 10    Int:  4    God:    Trog [****..]
Gold: 401           SH:  0    Dex: 10    Spells: 9/9 levels left

rFire    . . .     SeeInvis .   a - +2 morningstar (drain)
rCold    . . .     Faith    .   (no shield)
rNeg     . . .     Spirit   .   t - +0 chain mail
rPois    .         Reflect  .   (helmet restricted)
rElec    .         Harm     .   D - +2 cloak
rCorr    .         Rampage  .   (no gloves)
Will     ++...                  (no boots)
Stlth    ..........             (no amulet)
HPRegen  1.23/turn              (no ring)
MPRegen  0.11/turn              (no ring)

@: strong-willed, on berserk cooldown, regenerating, drained
A: horns 2, retaliatory headbutt
a: Renounce Religion, Berserk, Trog's Hand, Brothers in Arms


You were on level 7 of the Dungeon.
You worshipped Trog.
Trog was greatly pleased with you.
You visited 2 branches of the dungeon, and saw 9 of its levels.

You collected 401 gold pieces.

Inventory:

Hand Weapons
 a - a +2 morningstar of draining (weapon)
 d - a +0 trident
 g - a +0 war axe
 n - a +2 whip of venom
 N - a +4 scimitar of flaming
Missiles
 e - a throwing net
 f - 212 stones
 l - 32 poisoned darts
 p - 95 sling bullets
 s - 9 boomerangs
 u - 12 atropa-tipped darts
 x - 128 arrows
 y - 49 bolts
 C - 6 javelins
 H - 6 curare-tipped darts
Armour
 t - a +0 chain mail (worn)
 D - a +2 cloak (worn)
 I - +0 steam dragon scales
 O - +0 swamp dragon scales
Wands
 q - a wand of mindburst (4)
 w - a wand of digging (12)
 z - a wand of iceblast (9)
 K - a wand of flame (17)
Scrolls
 b - 4 scrolls of enchant armour {unknown}
 c - 3 scrolls of teleportation {unknown}
 h - 5 scrolls of identify
 i - 2 scrolls of fog {unknown}
 r - 2 scrolls of magic mapping {unknown}
 v - a scroll of summoning {unknown}
 A - 2 scrolls of enchant weapon {unknown}
 J - a scroll of brand weapon {unknown}
 L - a scroll of noise {unknown}
Potions
 j - 6 potions of curing
 k - 4 potions of cancellation {unknown}
 m - a potion of flight
 o - 3 potions of haste {unknown}
 B - 2 potions of might {unknown}
 E - a potion of degeneration {unknown}
 F - a potion of brilliance {unknown}
 G - 3 potions of lignification {unknown}
 M - a potion of magic {unknown}
 P - 2 potions of heal wounds {unknown}
 Q - a potion of attraction {unknown}


   Skills:
 + Level 8.5 Fighting
 + Level 4.5(9.2) Axes
 + Level 12.3(12.5) Maces & Flails
 + Level 10.4 Armour
 + Level 4.5 Dodging
 + Level 1.5 Stealth


You had 9 spell levels left.
You didn't know any spells.
Your spell library contained the following spells:

 Spells                   Type           Power      Damage    Failure   Level
 Animate Skeleton         Necr           0%         N/A       95%         1
 Magic Dart               Conj           0%         1d3       95%         1
 Pain                     Necr           0%         1d4       95%         1
 Blink                    Tloc           N/A        N/A       99%         2
 Call Imp                 Summ           0%         N/A       99%         2
 Slow                     Hex            0%         N/A       99%         2
 Conjure Flame            Conj/Fire      0%         6-21      100%        3
 Mephitic Cloud           Conj/Pois/Air  0%         N/A       100%        3
 Vampiric Draining        Necr           0%         2d6       100%        3
 Animate Dead             Necr           0%         N/A       100%        4
 Agony                    Necr           0%         N/A       100%        5


Dungeon Overview and Level Annotations

Branches:
Dungeon (8/15)             Temple (1/1) D:6            Lair (0/6) D:8

Altars:
Ashenzari
Cheibriados
Dithmenos
Elyvilon
Gozag
Hepliaklqana
Kikubaaqudgha
Makhleb
Nemelex Xobeh
Okawaru
Qazlal
Ru
Sif Muna
Trog
Wu Jian
Xom
Yredelemnul
Zin
The Shining One

Shops:
D:1 (

Annotations:
Temple lava


Innate Abilities, Weirdness & Mutations

You have a pair of horns on your head.
You reflexively headbutt those who attack you in melee.


Message History

The hell rat bites you!
You feel drained. The wight closely misses you. The death yak gores you.
The hell rat closely misses you. The wight barely misses you.
You furiously retaliate!
You headbutt the wight! The death yak gores you!
You climb upwards.
There is a stone staircase leading down, spattered with blood here.
Okay, then.
Your ogre goes berserk!
The hell rat bites you!
The wight hits you with a +2 great sword.
* * * LOW HITPOINT WARNING * * *
You feel drained.
* * * LOW HITPOINT WARNING * * *
The death yak barely misses you. You furiously retaliate!
You headbutt the death yak.
Okay, then.
Okay, then.
As you read the scroll labelled YGUNKATHUMN, it crumbles to dust.
It is a scroll of identify.
m - a potion of flight The hell rat bites you!
* * * LOW HITPOINT WARNING * * *
Your ogre barely misses the wight.
The wight barely misses you. The death yak barely misses you.
It was a potion of curing.
You feel better.
The hell rat twitches its whiskers.
The hell rat bites you but does no damage.
Your ogre misses the wight.
The wight hits you with a +2 great sword!
* * * LOW HITPOINT WARNING * * *
The death yak closely misses you.
You feel better. The hell rat bites you!
* * * LOW HITPOINT WARNING * * *
You feel drained.
* * * LOW HITPOINT WARNING * * *
Your ogre hits the wight with a +0 giant club!!!
The wight is destroyed!
Trog accepts your kill. The death yak gores you!!
You die...

#.....>...#............
#..##.#................
###...#................
###....#.##...........
#.....##.##...........
##....................
##....O..............
##..)...............
##Y@#.).............
###...r.#.............
##....##.........[.....
#......................
#......................
##...................##
#....................#
#..##...........)....#
#####................#


You could see a death yak, a hell rat and a friendly ogre (summoned, berserk).

Vanquished Creatures
  Erica (D:8)
  2 death yaks (D:7)
  Pikel (D:7)
  Maggie (D:8)
  Psyche (D:8)
  Prince Ribbit (D:7)
  A wyvern (D:8)
  A steam dragon (D:6)
  A water moccasin (D:5)
  2 ogres
  2 black bears
  An ice beast (D:7)
  A necrophage (D:4)
  3 centaurs
  The ghost of Zeld the Conjurer, an amateur OpCj (D:3)
  5 scorpions
  4 wights (D:6)
  A howler monkey (D:7)
  7 hounds
  3 orc priests
  2 bullfrog skeletons (D:6)
  Jessica (D:2)
  3 iguanas
  4 orc wizards
  Terence (D:3)
  3 killer bee zombies
  A hound zombie (D:5)
  Robin (D:2)
  3 gnolls (D:3)
  A howler monkey skeleton (D:5)
  14 adders
  A shadow imp (D:8)
  A white imp (D:5)
  2 ufetubi
  6 worms
  3 dart slugs
  17 orcs
  8 bats
  9 endoplasms
  2 giant cockroaches
  8 hobgoblins
  2 jackals (D:1)
  4 quokkas
  4 ball pythons
  4 frilled lizards
  14 goblins
  5 kobolds
  6 rats
170 creatures vanquished.

Vanquished Creatures (collateral kills)
  A wight (D:7)
1 creature vanquished.

Grand Total: 171 creatures vanquished

Notes
Turn   | Place    | Note
-------+----------+-------------------------------------------
     0 | D:1      | snetch the Minotaur Berserker began the quest for the Orb.
     0 | D:1      | Reached XP level 1. HP: 19/19 MP: 0/0
   103 | D:1      | Reached XP level 2. HP: 25/27 MP: 1/1
   171 | D:1      | Found Fochol's Weapon Boutique.
   584 | D:2      | Noticed Jessica
   586 | D:2      | Killed Jessica
   587 | D:2      | Reached XP level 3. HP: 35/35 MP: 2/2
   641 | D:2      | Reached XP level 4. HP: 30/41 MP: 3/3
   666 | D:2      | Noticed Robin
   669 | D:2      | Reached skill level 5 in Fighting
   677 | D:2      | Killed Robin
   683 | D:2      | Reached ** piety under Trog
  1744 | D:2      | Reached skill level 1 in Maces & Flails
  1818 | D:3      | Reached skill level 2 in Maces & Flails
  1818 | D:3      | Reached XP level 5. HP: 24/48 MP: 4/4
  2452 | D:3      | Found a basalt altar of Yredelemnul.
  2453 | D:3      | Found an iron altar of Okawaru.
  2453 | D:3      | Found a glowing silver altar of Zin.
  2454 | D:3      | Found a glowing golden altar of the Shining One.
  2661 | D:3      | Found a sacrificial altar of Ru.
  2877 | D:3      | Noticed Terence
  2883 | D:3      | Killed Terence
  2985 | D:3      | Found a runed translucent door.
  2988 | D:3      | Noticed Zeld's ghost (amateur OpCj)
  3001 | D:3      | Reached skill level 3 in Maces & Flails
  3007 | D:3      | Killed Zeld's ghost
  3008 | D:3      | Reached XP level 6. HP: 45/56 MP: 5/5
  3013 | D:3      | Reached *** piety under Trog
  3017 | D:3      | Found a runed translucent door.
  3085 | D:3      | Found a bloodstained altar of Trog.
  3560 | D:4      | Reached skill level 4 in Maces & Flails
  3685 | D:4      | Found a snail-covered altar of Cheibriados.
  3891 | D:5      | Entered Level 5 of the Dungeon
  3891 | D:5      | Noticed a water moccasin
  3896 | D:5      | Killed a water moccasin
  3897 | D:5      | Reached skill level 5 in Maces & Flails
  3897 | D:5      | Reached XP level 7. HP: 62/62 MP: 6/6
  3988 | D:5      | Reached skill level 6 in Maces & Flails
  4339 | D:5      | Found an opulent altar of Gozag.
  4431 | D:5      | Found a shimmering blue altar of Sif Muna.
  4533 | D:6      | Reached skill level 7 in Maces & Flails
  4533 | D:6      | Reached skill level 5 in Armour
  4538 | D:6      | Reached XP level 8. HP: 12/70 MP: 7/7
  4704 | D:6      | Reached skill level 1 in Stealth
  4822 | D:6      | Reached skill level 8 in Maces & Flails
  5228 | D:6      | Found a staircase to the Ecumenical Temple.
  5392 | D:5      | Reached **** piety under Trog
  5890 | D:7      | Reached skill level 9 in Maces & Flails
  6606 | D:6      | Reached XP level 9. HP: 78/78 MP: 8/8
  6922 | D:6      | Found an ornate altar of the Wu Jian Council.
  7237 | Temple   | Entered the Ecumenical Temple
  7732 | D:7      | Noticed Pikel
  7746 | D:7      | Killed Pikel
  7747 | D:7      | Reached skill level 10 in Maces & Flails
  8174 | D:8      | Found a staircase to the Lair.
  8174 | D:8      | Noticed a death yak
  8174 | D:8      | Noticed a death yak
  8174 | D:8      | Noticed Erica
  8174 | D:8      | Noticed a death yak
  8187 | D:7      | Killed a death yak
  8188 | D:7      | Reached skill level 11 in Maces & Flails
  8397 | D:8      | Noticed Prince Ribbit
  8478 | D:7      | Killed Prince Ribbit
  8592 | D:7      | Killed a death yak
  8593 | D:7      | Reached XP level 10. HP: 88/88 MP: 9/9
  8666 | D:8      | Killed Erica
  8667 | D:8      | Reached skill level 10 in Armour
  8868 | D:8      | Noticed Maggie
  8884 | D:8      | Killed Maggie
  8885 | D:8      | Reached skill level 12 in Maces & Flails
  8908 | D:8      | Noticed Psyche
  8922 | D:8      | Killed Psyche
  8959 | D:7      | Mangled by a death yak

Illustrated notes

Levels and vault maps discovered:
D:1:      elethiomel_arrival_shortcut, layout_basic, serial_shops,
          nicolae_shop_crystal
D:2:      minmay_skewed_foursquare, layout_basic, minmay_heptomino_h4,
          uniq_robin, uniq_jessica
D:3:      layout_loops_ring, chequers_temple_overflow_statue_of_worship,
          nicolae_ru_path_of_blood, trog_butcher_becter, ebering_ghost_sewer_f,
          hex_large, uniq_terence
D:4:      minmay_general_purpose_star, layout_gridville, chei_slow_surprise
D:5:      wander_river, layout_basic, lemuel_blue_sif_altar,
          grunt_gozag_statues, serial_corexii_hall, corexii_hall_statues_s,
          corexii_hall_statues_i, corexii_hall_statues_t, nrook_campfire,
          dk_vineyard_1
D:6:      layout_layer_cave, kennysheep_mini, temple_fountains,
          dk_noncrumbling_2, grunt_ministairs_10, minmay_starry_boxes
D:7:      layout_cave_pools, uniq_pikel
D:8:      layout_cave_pools, nicolae_vehumet_altar_sigil, dpeg_lair_monsters,
          serial_shops, shop, grunt_decor_fettered, uniq_maggie, uniq_erica,
          uniq_psyche, uniq_prince_ribbit1
Temple:   compressed_dpeg_triangle_lava_temple

Skill      XL: |  1  2  3  4  5  6  7  8  9 10 |
---------------+-------------------------------+-----
Fighting       | 4 5 6 8 |  8.5
Axes           | 4 |  4.5
Maces & Flails | 2 3 5 7 9 11 12 | 12.3
Dodging        | 3 4 |  4.5
Armour         | 3 4 5 7 9 10 | 10.4
Stealth        | 1 |  1.5

Action                   |  1- 3 |  4- 6 |  7- 9 | 10-12 || total
-------------------------+-------+-------+-------+-------++-------
Melee: Hand axe          |    15 |       |       |       ||    15
       Headbutt          |     9 |    29 |    51 |    10 ||    99
       Morningstar       |    16 |   162 |   224 |    49 ||   451
Invok: Berserk           |       |     2 |     3 |     1 ||     6
       Trog's Hand       |       |     1 |     2 |     4 ||     7
       Brothers in Arms  |       |       |       |     1 ||     1
  Use: Potion            |       |       |       |     2 ||     2
       Scroll            |       |       |       |     1 ||     1
Armor: Leather armour    |     6 |    29 |       |       ||    35
       Chain mail        |       |    40 |   142 |    19 ||   201
       Ring mail         |       |     8 |       |       ||     8
Dodge: Dodged            |    25 |   102 |   125 |    31 ||   283

Table legend: (Time is in decaauts)
 A = Elapsed time spent in this place.
 B = Non-inter-level travel time spent in this place.
 C = Inter-level travel time spent in this place.
 D = Time resting spent in this place.
 E = Time spent auto-exploring this place.
 F = Levels seen in this place.
 G = Mean time per level.
                   A        B        C        D        E       F      G
               +--------+--------+--------+--------+--------+-----+--------+
         Total |   9171 |   8761 |    410 |    718 |   5895 |   9 | 1019.0 |
       Dungeon |   8882 |   8496 |    386 |    718 |   5765 |   8 | 1110.2 |
        Temple |    288 |    264 |     24 |      0 |    130 |   1 |  288.0 |
               +--------+--------+--------+--------+--------+-----+--------+

Top non-repeatable levels by time:
     D:6: 2028 daAuts
     D:1: 1536 daAuts
     D:7: 1370 daAuts
     D:5: 1007 daAuts
     D:3: 954 daAuts
     D:2: 914 daAuts
     D:4: 888 daAuts
  Temple: 288 daAuts
     D:8: 182 daAuts
